 Dungeon Crawl Stone Soup version 0.29-a0-317-gd16b76e6b1 (webtiles) character file.

Game seed: 6651453822674933642

177 kae the Firebug (level 5, 0/29 HPs)
             Began as a Tengu Fire Elementalist on Mar 31, 2022.
             Succumbed to an adder's poison
             ... on level 3 of the Dungeon.
             The game lasted 00:01:37 (3135 turns).

kae the Firebug (Tengu Fire Elementalist)           Turns: 3135, Time: 00:01:38

Health: 0/29       AC:  4    Str:  8    XL:     5   Next: 57%
Magic:  4/9        EV: 15    Int: 17    God:
Gold:   155        SH:  0    Dex: 15    Spells: 3/9 levels left

rFire   + . .      SeeInvis .   d - staff of fire
rCold   . . .      Faith    .   (no shield)
rNeg    . . .      Spirit   .   a - +0 robe
rPois   .          Reflect  .   m - +2 hat
rElec   .          Harm     .   (no cloak)
rCorr   .          Rampage  .   (no gloves)
Will    .....                   (boots unavailable)
Stlth   ++........              (no amulet)
HPRegen 0.09/turn               j - +4 ring of slaying
MPRegen 0.11/turn               (no ring)

@: lethally poisoned (0 -> -5), flying quickly and evasively, quick
A: beak, talons 3, nimble flight
a: no special abilities


You were on level 3 of the Dungeon.
You visited 1 branch of the dungeon, and saw 3 of its levels.

You collected 155 gold pieces.

Inventory:

Armour
 a - a +0 robe (worn)
 m - a +2 hat (worn)
Magical Staves
 d - a staff of fire (weapon)
Jewellery
 j - a +4 ring of slaying (left hand)
 l - a ring of positive energy
Scrolls
 e - 4 scrolls of identify {unknown}
 f - 2 scrolls of immolation {unknown}
 g - a scroll of amnesia {unknown}
 h - a scroll of enchant armour {unknown}
 n - 4 scrolls of teleportation {unknown}
Potions
 b - a potion of magic
 c - a potion of degeneration {unknown}
 i - a potion of lignification {unknown}
 k - 2 potions of attraction {unknown}
 o - a potion of ambrosia {unknown}


   Skills:
 + Level 1.3 Fighting
 + Level 1.8 Armour
 + Level 2.9 Dodging
 - Level 2.0 Stealth
 + Level 2.5 Spellcasting
 + Level 2.5 Conjurations
 * Level 4.4 Fire Magic
 + Level 1.4 Evocations


You had 3 spell levels left.
You knew the following spells:

 Your Spells              Type           Power      Damage    Failure   Level
a - Foxfire               Conj/Fire      84%        2x1d8     4%          1
b - Scorch                Fire           52%        2d8       4%          2
c - Conjure Flame         Conj/Fire      21%        6-21      13%         3

Your spell library contained the following spells:

 Spells                   Type           Power      Damage    Failure   Level
 Animate Skeleton         Necr           4%         N/A       19%         1
 Apportation              Tloc           4%         N/A       19%         1
 Summon Small Mammal      Summ           8%         N/A       19%         1
 Inner Flame              Hex/Fire       14%        N/A       22%         3
 Dazzling Flash           Conj/Hex       12%        N/A       32%         3
 Tukima's Dance           Hex            2%         N/A       50%         3
 Flame Wave               Conj/Fire      21%        2d7       41%         4
 Iskenderun's Mystic Bla  Conj/Tloc      6%         2d4       73%         4
 Passage of Golubria      Tloc           2%         N/A       88%         4
 Yara's Violent Unravell  Hex/Tmut       1%         3d3       99%         5
 Starburst                Conj/Fire      10%        6d5       100%        6


Dungeon Overview and Level Annotations

Branches:
Dungeon (3/15)

Altars:

Annotations:
D:3 Grinder


Innate Abilities, Weirdness & Mutations

You have a beak for a mouth.
You have claws for feet.
Your magical nature lets you fly swiftly and evasively.


Message History

Casting: Scorch (safe; 4% risk of failure)
Confirm with . or Enter, or press ? or * to list all spells.
You feel a surge of power!
Flames lash the adder.
The adder is lightly wounded.
The adder's fire resistance burns away.
The endoplasm freezes you.
You are frozen.
The endoplasm is no longer more vulnerable to fire.
The endoplasm freezes you.
You are frozen.
The adder barely misses you.
There are monsters nearby!
There are monsters nearby!
Casting: Scorch (safe; 4% risk of failure)
Confirm with . or Enter, or press ? or * to list all spells.
You feel a surge of power!
Flames lash the adder.
The adder is burned terribly!
The adder is severely wounded.
The adder bites you. The endoplasm barely misses you. The adder misses you.
The endoplasm completely misses you. The adder attacks as you move away!
The adder bites you. The adder attacks as you move away! The adder bites you.
You are poisoned.
The adder poisons you!
You feel sick.
You feel sick. The adder bites you. The adder attacks as you move away!
The adder misses you.
You feel sick.
You feel sick.
You are no longer poisoned.
The adder is no longer more vulnerable to fire.
The adder attacks as you move away! The adder completely misses you.
Grinder blinks!
The adder attacks as you move away! The adder misses you.
Grinder gestures at you. Pain shoots through your body!
* * * LOW HITPOINT WARNING * * *
The adder bites you.
* * * LOW HITPOINT WARNING * * *
You are lethally poisoned!
The adder poisons you!
* * * LOW HITPOINT WARNING * * *
You feel sick.
You die...

#....#......'.
#..#
#....##.....#.
#... . #....#
.#...## #.)†
..######....#
..##+.....+##
............#
#.# #.##. #
........†J..#
.# #..###
.........S###
#..5
#......5..####
#...#.
#......)..@.<#
#...#.
#.........####
#..###
#.........#
#.# #
#.........# #.
# #.........#
# #
#.........# #
######+#### ##
#.


You could see Grinder, an adder and an endoplasm.

Vanquished Creatures
  A hound (D:3)
  Jessica (D:3)
  5 adders
  A worm (D:2)
  3 dart slugs
  4 orcs (D:3)
  6 ball pythons
  2 bats
  6 endoplasms
  3 giant cockroaches (D:3)
  5 goblins
  3 hobgoblins
  8 jackals
  A kobold (D:2)
  2 quokkas
  4 frilled lizards
  5 rats
60 creatures vanquished.

Vanquished Creatures (collateral kills)
  A foxfire (D:3)
1 creature vanquished.

Vanquished Creatures (others)
  84 foxfires
  8 plants (D:3)
92 creatures vanquished.

Grand Total: 153 creatures vanquished

Notes
Turn   | Place    | Note
-------+----------+-------------------------------------------
     0 | D:1      | kae the Tengu Fire Elementalist began the quest for the
                  | Orb.
     0 | D:1      | Reached XP level 1. HP: 10/10 MP: 4/4
   453 | D:1      | Reached XP level 2. HP: 15/15 MP: 4/6
  1326 | D:2      | Learned a level 2 spell: Scorch
  1333 | D:2      | Reached XP level 3. HP: 20/20 MP: 4/7
  1337 | D:2      | Learned a level 3 spell: Conjure Flame
  1523 | D:2      | Reached skill level 1 in Armour
  2014 | D:2      | Found a faded altar of an unknown god.
  2070 | D:2      | Reached skill level 1 in Evocations
  2070 | D:2      | Reached XP level 4. HP: 24/24 MP: 5/8
  2279 | D:2      | Reached skill level 1 in Fighting
  2279 | D:2      | Reached skill level 4 in Fire Magic
  2544 | D:3      | Gained mutation: Your magical nature lets you fly swiftly
                  | and evasively. [Tengu growth]
  2544 | D:3      | Reached XP level 5. HP: 26/29 MP: 2/9
  2754 | D:3      | Noticed Jessica
  2783 | D:3      | Killed Jessica
  2839 | D:3      | Noticed Grinder
  3134 | D:3      | HP: 1/29 [poisoned by an adder]
  3135 | D:3      | Succumbed to an adder's poison

Illustrated notes

Levels and vault maps discovered:
D:1:      moated_graveyard_arrival, layout_loops_ring, dreamdust_wishing_well,
          hangedman_abyss_or_decor_lesser_grid
D:2:      layout_loops_ring, chequers_ecumenical_altar_island
D:3:      layout_basic, chequers_big_river, minmay_fractal_squares_diagonal_5,
          uniq_jessica, uniq_grinder

Skill      XL: |  1  2  3  4 |
---------------+-------------+-----
Armour         | 1 |  1.8
Conjurations   | 2 |  2.5
Evocations     | 1 |  1.4
Fighting       | 1 |  1.3
Fire Magic     | 4 |  4.4
Dodging        | |  2.9
Stealth        | |  2.0
Spellcasting   | |  2.5

Action                   |  1- 3 |  4- 6 || total
-------------------------+-------+-------++-------
Melee: Unarmed           |     6 |       ||     6
       Kick              |    10 |     8 ||    18
       Peck              |     3 |     6 ||     9
       Staff             |    30 |    20 ||    50
       Punch             |     1 |       ||     1
 Cast: Foxfire           |    39 |    16 ||    55
       Scorch            |     6 |    13 ||    19
 Stab: Sleeping          |     1 |     2 ||     3
Armor: Robe              |     7 |     2 ||     9
Dodge: Dodged            |    41 |    24 ||    65

Table legend: (Time is in decaauts)
 A = Elapsed time spent in this place.
 B = Non-inter-level travel time spent in this place.
 C = Inter-level travel time spent in this place.
 D = Time resting spent in this place.
 E = Time spent auto-exploring this place.
 F = Levels seen in this place.
 G = Mean time per level.
                   A        B        C        D        E       F      G
               +--------+--------+--------+--------+--------+-----+--------+
         Total |   3128 |   3011 |    117 |    120 |   2424 |   3 | 1042.7 |
       Dungeon |   3128 |   3011 |    117 |    120 |   2424 |   3 | 1042.7 |
               +--------+--------+--------+--------+--------+-----+--------+

Top non-repeatable levels by time:
     D:1: 1323 daAuts
     D:2: 1263 daAuts
     D:3: 540 daAuts
